 Dungeon Crawl Stone Soup version 0.31.0-12-g77e489cdc1 (webtiles) character file.

Game seed: 12266248435821587685

65 jondeez the Grave Robber (level 4, -3/30 HPs)
             Began as a Human Necromancer on Mar 7, 2024.
             Slain by a cerulean imp
             ... wielding a +2 spear
             ... summoned by Natasha
              (6 damage)
             ... on level 2 of the Dungeon.
             The game lasted 00:04:57 (1033 turns).

jondeez the Grave Robber (Human Necromancer)        Turns: 1033, Time: 00:04:57

Health: -3/30      AC:  3    Str:  8    XL:     4   Next: 14%
Magic:  7/7        EV: 11    Int: 18    God:
Gold:   103        SH:  0    Dex: 13    Spells: 7/8 levels left

rFire   . . .        h - +0 dagger (elec)
rCold   . . .        (no shield)
rNeg    . . .        g - +0 leather armour
rPois   .            (no helmet)
rElec   .            (no cloak)
rCorr   .            (no gloves)
SInv    .            (no boots)
Will    .....        (no amulet)
Stlth   ++           (no ring)
HPRegen 0.25/turn    (no ring)
MPRegen 0.10/turn

%: no passive effects
@: no status effects
A: explore regen
a: no special abilities


You were on level 2 of the Dungeon.
You visited 1 branch of the dungeon, and saw 2 of its levels.

You collected 103 gold pieces.

Inventory:

Hand Weapons
 h - a +0 dagger of electrocution (weapon)
Armour
 a - a +0 robe
 g - a +0 leather armour (worn)
Scrolls
 c - a scroll of vulnerability {unknown}
 e - 2 scrolls of identify {unknown}
 j - a scroll of brand weapon {unknown}
Potions
 b - a potion of magic
 d - 2 potions of enlightenment {unknown}
 f - 2 potions of curing {unknown}
 i - a potion of degeneration {unknown}


   Skills:
 + Level 0.3 Armour
 + Level 2.1 Dodging
 + Level 2.1 Stealth
 + Level 2.5 Spellcasting
 + Level 5.1 Necromancy


You had 7 spell levels left.
You knew the following spells:

 Your Spells              Type           Power      Damage    Failure   Level
a - Necrotise             Necr           80%        1d8       3%          1

Your spell library contained the following spells:

 Spells                   Type           Power      Damage    Failure   Level
 Vampiric Draining        Necr           20%        2d7       9%          3
 Animate Dead             Necr           20%        N/A       30%         4
 Curse of Agony           Necr           20%        N/A       63%         5
 Haunt                    Necr/Summ      5%         N/A       100%        7
 Infestation              Necr           10%        N/A       100%        8


Dungeon Overview and Level Annotations

Branches:
Dungeon (2/15)

Altars:
Trog

Annotations:
D:2 Natasha


Innate Abilities, Weirdness & Mutations

You regain HP and MP as you explore.


Message History

You are out of magic!
You are out of magic!
You are out of magic!
You are out of magic!
You are out of magic!
There are monsters nearby!
You are out of magic!
You closely miss the adder.
The adder is almost dead.
Natasha claws you but does no damage. The adder closely misses you.
The cerulean imp hits you from afar with a +2 spear.
Your hobgoblin skeleton hits the adder.
The adder dies!
You have reached level 4!
You feel clever. Magic courses through your body. Natasha casts a spell at you.
The magic dart hits you. The cerulean imp barely misses you.
You are too injured to fight recklessly!
Casting: Necrotise (safe; 3% risk of failure)
Confirm with . or Enter, or press ? or * to list all spells.
Aiming: Necrotise (safe; 3% risk of failure)
Press: ? - help, Shift-Dir - straight line, f - Natasha
Aim: Natasha (chance to affect: 78%) Natasha barely resists.
Natasha barely misses you.
Your hobgoblin skeleton hits the hobgoblin.
An adder comes into view.
The cerulean imp hits you from afar with a +2 spear!
* * * LOW HITPOINT WARNING * * *
The hobgoblin hits you.
* * * LOW HITPOINT WARNING * * *
The cerulean imp attacks as it pursues you!
The cerulean imp hits you but does no damage.
The hobgoblin attacks as it pursues you!
The hobgoblin misses you.
The hobgoblin hits your hobgoblin skeleton with a +0 hand axe.
Natasha attacks as she pursues you! Natasha claws you but does no damage.
The cerulean imp attacks as it pursues you!
The cerulean imp hits you from afar with a +2 spear.
You die...

.... ##.#
.. #.# #.#
#.# #.#
#.# ##.#
#..# #@##
.#.#####h#
.....gZg5#
......†..#
......)..#
......$..#
.........#
....S....#
.........#


You could see Natasha, a cerulean imp (summoned), an adder and a hobgoblin.

Vanquished Creatures
  A bat (D:2)
  5 goblins
  5 hobgoblins
  2 quokkas (D:1)
  A ball python (D:2)
  A frilled lizard (D:2)
  4 kobolds
  4 rats
23 creatures vanquished.

Vanquished Creatures (collateral kills)
  Natasha (D:2)
  An adder (D:2)
  A ball python (D:1)
  An endoplasm (D:2)
  A goblin (D:1)
  A kobold (D:1)
  A bat (D:1)
7 creatures vanquished.

Grand Total: 30 creatures vanquished

Notes
Turn   | Place    | Note
-------+----------+-------------------------------------------
     0 | D:1      | jondeez the Human Necromancer began the quest for the Orb.
     0 | D:1      | Reached XP level 1. HP: 13/13 MP: 3/3
   132 | D:1      | Reached XP level 2. HP: 11/19 MP: 0/5
   779 | D:2      | Reached XP level 3. HP: 24/24 MP: 2/6
   869 | D:2      | Noticed Natasha
   875 | D:2      | Killed Natasha
   940 | D:2      | Found a bloodstained altar of Trog.
  1020 | D:2      | Noticed Natasha
  1026 | D:2      | Reached skill level 5 in Necromancy
  1030 | D:2      | Reached XP level 4. HP: 14/30 MP: 0/7
  1033 | D:2      | Slain by a cerulean imp

Illustrated notes

Levels and vault maps discovered:
D:1:      nzn_arrival_depleted_hourglass, layout_rooms
D:2:      layout_rooms, basic_altar, chequers_serial_rivers_micro_b,
          uniq_natasha

Skill      XL: |  1  2  3 |
---------------+----------+-----
Necromancy     | 5 |  5.1
Armour         | |  0.3
Dodging        | |  2.1
Stealth        | |  2.1
Spellcasting   | |  2.5

Action                     |  1- 3 |  4- 6 || total
---------------------------+-------+-------++-------
  Melee: Unarmed           |     6 |       ||     6
         Dagger            |     3 |       ||     3
   Cast: Necrotise         |    45 |     1 ||    46
    Use: Potion            |       |     1 ||     1
   Stab: Sleeping          |     1 |       ||     1
 Armour: Robe              |    18 |       ||    18
         Leather armour    |     6 |     6 ||    12
  Dodge: Dodged            |    29 |     3 ||    32
